Cogmind - Beta 13 @@@ ROGUE MODE // 2024.04.08 @ 22:26:48 Player: Ferns Result: Destroyed by S-43 Plague with Heavy Machine Gun Performance ------------- Evolutions (8) 4000 Regions Visited (11) 2200 Robots Destroyed (133) 665 Value Destroyed (5920) 5920 Prototype IDs (8) 160 Alien Tech Used (0) 0 Bonus (713) 713 TOTAL SCORE: 13658 Bonus ------- High Alert Combat Kills 685 Follower Combat Kills 28 Cogmind --------- Core Integrity 0/1450 Matter 80/300 Energy 100/100 System Corruption 5% Temperature Cool (0) Movement Core (50) Location -2/Testing Parts ------- > --- POWER (2) -------- (None) > --- PROPULSION (7) --- (None) > --- UTILITY (10) ----- (None) > --- WEAPON (4) ------- (None) > --- INVENTORY (5) ---- Compact Wheel Advanced Weapon Cycler Improved Force Field Point Defense System Hacking Suite Peak State ------------ > --- POWER ------------ Cooled Antimatter Reactor Cooled Antimatter Reactor > --- PROPULSION ------- Biometal Medium Treads Biometal Medium Treads Wheel Armored Huge Wheel Centrium Wheel > --- UTILITY ---------- Advanced Cryofiber Web Advanced Heat Sink Huge Storage Unit Advanced Visual Processing Unit Advanced Signal Interpreter Hacking Suite Advanced Hacking Suite Experimental Hacking Suite System Shield Improved Dynamic Insulation System > --- WEAPON ----------- Dispersion Rifle Cooled Phase Gun KE Penetrator > --- INVENTORY -------- Neutrino Core Neutrino Core Neutrino Core Light Antimatter Reactor Armored Huge Wheel Advanced Heat Sink Advanced Heat Sink Improved Coolant Injector Energy Well Matter Compressor 0b10 Decoder Chip [Looter] Improved Kinecellerator Advanced Weapon Cycler Advanced Reaction Control System Improved Focal Shield Improved Force Field Point Defense System Hacking Suite Improved System Restoration Module Advanced Recalibrator Gamma Rifle Dispersion Rifle Fusion Bomb Launcher Fusion Bomb Launcher [Rating: 133] Favorites ----------- Power Light Angular Momentum Engine Engine Light Angular Momentum Engine Power Core Micro Fission Core Reactor Light Antimatter Reactor Propulsion Armored Huge Wheel Treads Biometal Medium Treads Leg Myomer Leg Wheel Armored Huge Wheel Hover Unit Improved Antigrav System Flight Unit Cooled Impulse Thruster Utility Hacking Suite Device Advanced Heat Sink Storage Huge Storage Unit Processor Advanced Signal Interpreter Hackware Hacking Suite Protection Improved Medium Armor Plating Weapon Shotgun Energy Gun Gatling Laser Energy Cannon Advanced Plasma Cannon Ballistic Gun Shotgun Ballistic Cannon Hardcell Cannon Launcher Tiamat Missile Launcher Build | -11 -10 -10 -10 -7 -5 -4 -4 -4 -3 -2 -2 ------- Run | Yrd Mat Min Sub Rec Fac Fac Upp Upp Res Res Tes Slots Evolved 16 | . . . . . 10 2 . . 2 2 . Power 1 | . . . . . 1 . . . . . . Propulsion 5 | . . . . . 4 . . . . 1 . Utility 8 | . . . . . 5 1 . . 2 . . Weapon 2 | . . . . . . 1 . . . 1 . Parts Attached 169 | 9 9 2 3 1 53 23 5 5 58 . 1 Power 26 | 1 1 . 1 . 11 1 2 1 8 . . Engine 9 | 1 . . 1 . 6 . 1 . . . . Core 10 | . 1 . . . 5 1 . 1 2 . . Reactor 7 | . . . . . . . 1 . 6 . . Propulsion 36 | 2 2 . 1 . 12 2 . 2 14 . 1 Treads 3 | . . . . . . . . . 3 . . Leg 2 | . . . . . . . . . 2 . . Wheel 27 | 2 2 . 1 . 12 2 . 2 6 . . Hover 2 | . . . . . . . . . 2 . . Flight 2 | . . . . . . . . . 1 . 1 Utility 57 | 2 2 . . . 20 9 2 1 21 . . Device 39 | 1 . . . . 14 5 1 1 17 . . Storage 4 | 1 1 . . . 1 . . . 1 . . Processor 5 | . 1 . . . 3 . . . 1 . . Hackware 7 | . . . . . 1 4 . . 2 . . Protection 2 | . . . . . 1 . 1 . . . . Artifact . | . . . . . . . . . . . . Weapon 50 | 4 4 2 1 1 10 11 1 1 15 . . Energy Gun 15 | 4 . . . . 2 . . . 9 . . Energy Cannon 10 | . . . . . 4 5 . . 1 . . Ballistic Gun 12 | . 4 1 . 1 3 . 1 . 2 . . Ballistic Cannon 3 | . . . . . . 3 . . . . . Launcher 10 | . . 1 1 . 1 3 . 1 3 . . Special Weapon . | . . . . . . . . . . . . Impact Weapon . | . . . . . . . . . . . . Slashing Weapon . | . . . . . . . . . . . . Piercing Weapon . | . . . . . . . . . . . . Special Melee Weapon . | . . . . . . . . . . . . Unidentified Prototypes 8 | . . . . . 2 2 . . 4 . . Parts Lost 67 | . 2 . 2 . 6 4 2 6 42 1 2 Power 12 | . . . 1 . 3 1 1 1 5 . . Propulsion 15 | . . . 1 . 1 1 . 1 9 1 1 Utility 20 | . . . . . 1 2 . 2 14 . 1 Weapon 20 | . 2 . . . 1 . 1 2 14 . . Highest Loss Streak 12 | . 1 . 2 . 1 2 2 3 12 1 2 To Critical Strikes 2 | . . . . . . . . 1 1 . . Average Slot Usage (%) 83 | . 99 100 95 100 81 82 83 81 79 7 3 Engine 3 | . 2 . 4 14 4 5 4 . . . . Core 5 | . 11 14 8 . 5 4 5 4 1 . . Reactor 1 | . . . . . . . . 5 6 . . Wheel 16 | . 28 28 26 28 17 14 15 15 9 . . Device 14 | . 6 . . . 21 18 11 8 13 . . Storage 6 | . 14 14 14 14 5 5 5 5 4 . . Processor 6 | . 7 14 14 14 5 5 5 5 7 . . Hackware 8 | . . . . . 4 11 15 15 16 4 2 Energy Gun 1 | . 1 . . . 1 . . . 4 . . Energy Cannon 2 | . . . . . 3 5 5 5 1 . . Ballistic Gun 8 | . 26 27 20 26 5 1 4 5 4 . . Launcher 1 | . . . 8 1 . 4 5 5 . . . Naked Turns 29 | . . . . . . . . . . . 29 Heaviest Build 147 | 15 51 52 52 52 125 142 131 135 147 . . Greatest Support 93 | 20 24 24 24 24 93 84 84 84 84 7 13 Greatest Overweight (x) 8 | . 2 2 2 2 1 1 1 1 8 . . Average Overweight (x) 1 | . . 2 2 2 . 1 1 1 1 . . Largest Inventory Capacity 25 | 8 20 20 20 20 25 25 25 25 25 5 5 Average Capacity 21 | 7 9 20 20 20 23 25 25 25 23 5 5 Most Carried 25 | 3 12 18 18 20 25 25 24 24 25 5 5 Average Carried 20 | 1 8 15 17 19 23 24 21 22 20 4 5 Final Capacity 25 | 8 20 20 20 20 25 25 25 25 5 5 5 Final Carried 25 | 3 11 18 17 20 25 23 24 20 4 5 5 Class Distribution -------------------- 35% | Scavenger-Mutant 25% | Mutant 14% | Hacker-Tank 10% | Hacker-Skirmisher 9% | Scavenger-Skirmisher 4% | Hacker-Mutant Dominant Class ---------------- Mutant | -10/Materials Mutant | -10/Mines Mutant | -10/Subcaves Mutant | -7/Recycling Scavenger-Mutant | -5/Factory Hacker-Skirmisher | -4/Factory Scavenger-Skirmisher | -4/Upper Caves Hacker-Tank | -4/Upper Caves Hacker-Tank | -3/Research Mutant | -2/Research Mutant | -2/Testing Resources | -11 -10 -10 -10 -7 -5 -4 -4 -4 -3 -2 -2 ----------- Run | Yrd Mat Min Sub Rec Fac Fac Upp Upp Res Res Tes Matter Collected 3695 | 236 282 122 56 108 816 684 376 255 760 . . Remotely . | . . . . . . . . . . . . Salvage Created 4924 | 90 408 12 10 59 1337 1078 234 428 1268 . . Parts 286 | 2 32 5 3 1 66 53 9 36 79 . . Haulers Intercepted 3 | . 2 . . . . . . . 1 . . Recyclers Shooed 6 | . 1 . . . . 3 . . 2 . . Parts Field Recycled . | . . . . . . . . . . . . Retrieved Matter . | . . . . . . . . . . . . Parts Self-Destructed 33 | . . . 2 . . . 7 24 . . . Prevented 6 | . . . . . . . . 6 . . . Kills | -11 -10 -10 -10 -7 -5 -4 -4 -4 -3 -2 -2 ------- Run | Yrd Mat Min Sub Rec Fac Fac Upp Upp Res Res Tes Combat Hostiles Destroyed 99 | . 10 3 2 1 23 18 7 16 19 . . Guns 33 | . 10 . . 1 14 . . . 8 . . Cannons 16 | . . . . . 8 6 1 . 1 . . AOE 47 | . . 3 2 . 1 12 6 15 8 . . Classes Destroyed 18 | 2 5 . 1 1 3 3 2 . 1 . . Worker 4 | . . . . . 2 . . . 2 . . Builder 7 | . . . . . . 3 . . 4 . . Tunneler 4 | 1 . . . . . 1 . . 2 . . Hauler 3 | . 2 . . . . . . . 1 . . Recycler 4 | 1 . . . . . 3 . . . . . Mechanic 1 | . . . . . . 1 . . . . . Operator 5 | . 1 . . . 2 2 . . . . . Turret 1 | . . . 1 . . . . . . . . Watcher 5 | . 2 . . . 2 1 . . . . . Swarmer 30 | . 3 3 2 . 4 4 . 14 . . . Cutter 3 | . . . . . . 3 . . . . . Grunt 26 | . 7 . . . 6 3 3 . 7 . . Brawler 2 | . . . . . . . 1 . 1 . . Sentry 9 | . . . . 1 4 2 . . 2 . . Hunter 13 | . . . . . 2 4 2 2 3 . . Programmer 14 | . . . . . 7 2 . . 5 . . Heavy 1 | . . . . . . . . . 1 . . Behemoth 1 | . . . . . . . 1 . . . . Best Kill Streak 11 | 1 3 3 3 1 4 11 4 11 6 . . Combat Bots Only 11 | . 3 3 2 1 3 7 4 11 3 . . Max Kills in Single Turn 8 | 1 1 3 2 1 1 3 2 8 2 . . Gunslinging . | . . . . . . . . . . . . Exploded 8 | . . 3 2 . 1 3 2 8 2 . . Melee . | . . . . . . . . . . . . Uniques/NPCs Destroyed . | . . . . . . . . . . . . Combat | -11 -10 -10 -10 -7 -5 -4 -4 -4 -3 -2 -2 -------- Run | Yrd Mat Min Sub Rec Fac Fac Upp Upp Res Res Tes Hostile Shots Fired 830 | . 36 . 35 9 135 89 45 67 320 11 83 Missed 267 | . 11 . 17 1 47 22 8 15 108 4 34 Damage Taken 12770 | . 494 48 103 54 2176 1443 1040 920 4872 186 1434 Core 3243 | . 86 . 14 6 202 135 110 118 1107 159 1306 Absorbed by Shields 618 | . . . . . 28 278 . . 312 . . Ignored by Resistances 197 | . . . . . . . . . 197 . . Regen/Repaired (Parts) 806 | . . . . . 402 404 . . . . . Core Remaining (%) 63 | 100 . . . 57 79 . . 68 14 . . Volleys Fired 346 | 19 38 2 6 2 78 56 21 13 111 . . Largest 3 | 2 2 1 1 2 2 2 3 2 3 . . Hottest 225 | 80 46 33 33 46 161 166 166 166 225 . . Shots Fired 617 | 20 76 2 6 4 155 90 31 17 216 . . Gun 390 | 20 76 . . 4 97 9 7 3 174 . . Cannon 160 | . . . . . 58 70 8 4 20 . . Launcher 67 | . . 2 6 . . 11 16 10 22 . . Special . | . . . . . . . . . . . . Kinetic 260 | . 76 . . 4 76 33 7 3 61 . . Thermal 229 | 19 . . . . 69 46 8 4 83 . . Explosive 58 | . . 2 6 . . 11 16 1 22 . . Electromagnetic 70 | 1 . . . . 10 . . 9 50 . . Robot Hit Streak 11 | 4 10 . . 5 7 4 9 7 11 . . Robot Miss Streak 8 | 2 8 . . 1 5 6 1 2 6 . . Penetration Max 1 | . . . . . . . . . 1 . . Secondary Targets 1 | . 1 . . . . . . . . . . Max Gunslinging Chain 1 | . 1 . . . . . . . . . . Shots Hit Robots 364 | 13 48 . . 3 101 42 18 12 127 . . Core Hits 275 | 3 32 3 6 3 60 46 20 21 78 . 3 Critical Kills 4 | . 1 . . . 1 1 . . 1 . . Critical Parts Destroyed 4 | . . . . . 2 2 . . . . . Critical Strikes 8 | . 1 . . . 3 3 . . 1 . . Meltdown 2 | . . . . . . 1 . . 1 . . Destroy 6 | . 1 . . . 3 2 . . . . . Melee Attacks . | . . . . . . . . . . . . Impact . | . . . . . . . . . . . . Slashing . | . . . . . . . . . . . . Piercing . | . . . . . . . . . . . . Sneak Attacks . | . . . . . . . . . . . . Combat Hostiles . | . . . . . . . . . . . . Follow-up Attacks . | . . . . . . . . . . . . Damage Inflicted 16987 | 153 907 163 344 54 3010 4320 1879 1454 4630 . 73 Guns 5266 | 153 747 . . 54 1486 119 95 75 2537 . . Cannons 3337 | . . . . . 1176 1362 256 108 435 . . Explosions 8311 | . 160 163 344 . 348 2839 1528 1271 1658 . . Melee . | . . . . . . . . . . . . Ramming 73 | . . . . . . . . . . . 73 Kinetic 3633 | . 747 . . 54 1072 651 95 75 939 . . Thermal 6024 | 140 . . . . 1594 2319 256 108 1607 . . Explosive 6125 | . 160 163 344 . 212 1350 1528 801 1567 . . Electromagnetic 1132 | 13 . . . . 132 . . 470 517 . . Impact . | . . . . . . . . . . . . Slashing . | . . . . . . . . . . . . Piercing . | . . . . . . . . . . . . Highest Corruption 9 | . . . . . 9 2 2 . 6 . 5 Average Corruption 4 | . . . . . 5 1 1 . 2 . 3 Corruption Purged 11 | . . . . . 5 . 2 . 4 . . Corruption Blocked . | . . . . . . . . . . . . Effects 66 | . . . . . 44 6 2 . 13 . 1 Message Errors 20 | . . . . . 12 3 . . 4 . 1 Matter Fused 6 | . . . . . 5 . . . 1 . . Heat Flow Errors 11 | . . . . . 8 2 . . 1 . . Energy Discharges 8 | . . . . . 3 . 1 . 4 . . Parts Rejected 3 | . . . . . 3 . . . . . . Data Loss (minor) 9 | . . . . . 7 1 . . 1 . . Data Loss (major) 1 | . . . . . 1 . . . . . . Misfires 6 | . . . . . 4 . . . 2 . . Weapon Failures 2 | . . . . . 1 . 1 . . . . Overload Shots 4 | . . . . . . 1 1 1 1 . . Overflow Damage 537 | . 31 . . . 93 231 2 25 155 . . Projectiles 42 | . . . . . 12 22 . . 8 . . Explosions 495 | . 31 . . . 81 209 2 25 147 . . Melee . | . . . . . . . . . . . . Knockbacks 2 | . . . . . . 2 . . . . . Impact . | . . . . . . . . . . . . Kinetic 2 | . . . . . . 2 . . . . . Secondary . | . . . . . . . . . . . . Self-Inflicted Damage 1280 | . 209 49 . . 277 212 57 13 431 . 32 Shots 20 | . 3 1 . . 4 3 1 1 7 . . Rammed 21 | . . . . . . . . . . . 21 Targets Rammed 21 | . . . . . . . . . . . 21 Kicked . | . . . . . . . . . . . . Crushed . | . . . . . . . . . . . . Highest Temperature 636 | 20 36 . . 7 252 214 337 36 636 . . Average Temperature 102 | 18 13 . . 4 51 73 158 24 161 . . Received Heat Transfer 1554 | . 150 . 78 12 325 82 428 54 290 27 108 Effects 16 | . . . . . . . 1 . 15 . . Shutdowns 3 | . . . . . . . . . 3 . . Energy Bleed 2 | . . . . . . . 1 . 1 . . Interference 1 | . . . . . . . . . 1 . . Damage (minor) 3 | . . . . . . . . . 3 . . Damage (major) 7 | . . . . . . . . . 7 . . Siege Activations . | . . . . . . . . . . . . Robots Corrupted 2 | . . . . . . . . 1 1 . . Combat Hostiles 2 | . . . . . . . . 1 1 . . Parts Fried 2 | . . . . . . . . 2 . . . Impact Corruptions . | . . . . . . . . . . . . Robots Melted 2 | . . . . . . 1 . . 1 . . Combat Hostiles 1 | . . . . . . . . . 1 . . Parts Melted 22 | . . . . 3 7 6 . . 6 . . Heat Transferred 7170 | 325 . . . . 2425 1944 235 111 2130 . . Parts Sabotaged . | . . . . . . . . . . . . Parts Stolen . | . . . . . . . . . . . . Parts Stripped . | . . . . . . . . . . . . Power Chain Reactions 3 | . . . . . . . . 2 1 . . Alert | -11 -10 -10 -10 -7 -5 -4 -4 -4 -3 -2 -2 ------- Run | Yrd Mat Min Sub Rec Fac Fac Upp Upp Res Res Tes Peak Influence 1305 | 10 212 116 . 244 708 1305 . . 451 260 246 Initial 427 | . 6 81 . 244 102 324 . . 427 165 146 Average 312 | 2 122 97 . 243 267 937 . . 271 187 185 Maximum Alert Level 4 | . 1 . . 1 3 4 . . 2 1 1 Low Security (%) 47 | 100 63 100 . . 51 . . . 38 79 61 Level 1 24 | . 36 . . 100 20 10 . . 33 20 38 Level 2 19 | . . . . . 26 18 . . 28 . . Level 3 3 | . . . . . 1 28 . . . . . Level 4 4 | . . . . . . 42 . . . . . Level 5 . | . . . . . . . . . . . . High Security . | . . . . . . . . . . . . Max Security . | . . . . . . . . . . . . Squads Dispatched 29 | . 3 . . . 8 9 . . 8 . 1 Investigation 6 | . 1 . . . 4 1 . . . . . Extermination 8 | . . . . . 3 2 . . 3 . . Reinforcement 10 | . 2 . . . 1 4 . . 2 . 1 Assault 2 | . . . . . . 2 . . . . . Garrison 3 | . . . . . . . . . 3 . . Intercept . | . . . . . . . . . . . . Searches Triggered . | . . . . . . . . . . . . Construction Impeded 1 | . . . . . . . . . 1 . . Haulers Reinforced 1 | . . . . . . 1 . . . . . Active Scanning Responses . | . . . . . . . . . . . . Cargo Convoy Interrupts . | . . . . . . . . . . . . Stealth | -11 -10 -10 -10 -7 -5 -4 -4 -4 -3 -2 -2 --------- Run | Yrd Mat Min Sub Rec Fac Fac Upp Upp Res Res Tes Distress Signals 2 | . 1 . . . 1 . . . . . . Communications Jammed . | . . . . . . . . . . . . Distress Signals . | . . . . . . . . . . . . Times Spotted 181 | . 17 3 9 1 42 27 7 20 34 4 17 Peak Tracking Total 13 | . 5 3 6 1 7 5 4 11 8 6 13 Tactical Retreats 12 | . . . 1 . 6 . . . 2 1 2 Traps | -11 -10 -10 -10 -7 -5 -4 -4 -4 -3 -2 -2 ------- Run | Yrd Mat Min Sub Rec Fac Fac Upp Upp Res Res Tes Traps Triggered 10 | . 1 . . . 3 3 . . 2 . 1 Indirectly . | . . . . . . . . . . . . Trap Hack Attempts . | . . . . . . . . . . . . Triggered . | . . . . . . . . . . . . Disarmed . | . . . . . . . . . . . . Reprogrammed . | . . . . . . . . . . . . Reused . | . . . . . . . . . . . . Traps Extracted . | . . . . . . . . . . . . Installed . | . . . . . . . . . . . . Triggered . | . . . . . . . . . . . . Machines | -11 -10 -10 -10 -7 -5 -4 -4 -4 -3 -2 -2 ---------- Run | Yrd Mat Min Sub Rec Fac Fac Upp Upp Res Res Tes Machines Disabled 43 | . 3 . 3 . 12 21 . . 4 . . Max in Single Turn 8 | . 3 . 2 . 3 8 . . 2 . . Garrison Access 5 | . . . . . 3 . . . 1 1 . Machines Repaired . | . . . . . . . . . . . . Machines Dismantled . | . . . . . . . . . . . . Machines Sabotaged . | . . . . . . . . . . . . Overloaded Fab Kills . | . . . . . . . . . . . . Hacking | -11 -10 -10 -10 -7 -5 -4 -4 -4 -3 -2 -2 --------- Run | Yrd Mat Min Sub Rec Fac Fac Upp Upp Res Res Tes Machines Accessed 17 | . . . . 1 11 1 . . 3 1 . Terminals 5 | . . . . . 3 . . . 2 . . Fabricators 2 | . . . . . 2 . . . . . . Repair Stations 2 | . . . . . 1 1 . . . . . Recycling Units 1 | . . . . 1 . . . . . . . Scanalyzers 2 | . . . . . 2 . . . . . . Garrison Access 5 | . . . . . 3 . . . 1 1 . Total Hacks 49 | . . . . 2 32 8 . . 5 2 . Successful 37 | . . . . . 25 7 . . 4 1 . Failed 12 | . . . . 2 7 1 . . 1 1 . Catastrophic 2 | . . . . 1 1 . . . . . . Database Lockouts . | . . . . . . . . . . . . Manual 9 | . . . . . 5 . . . 4 . . Terminals 9 | . . . . . 5 . . . 4 . . Fabricators 5 | . . . . . 5 . . . . . . Repair Stations 15 | . . . . . 7 8 . . . . . Recycling Units 2 | . . . . 2 . . . . . . . Scanalyzers 12 | . . . . . 12 . . . . . . Garrison Access 6 | . . . . . 3 . . . 1 2 . Terminal Hacks 4 | . . . . . 1 . . . 3 . . Level Access Points 1 | . . . . . . . . . 1 . . Alert Level 1 | . . . . . . . . . 1 . . Unreport Threat 1 | . . . . . . . . . 1 . . Locate Traps 1 | . . . . . 1 . . . . . . Fabricator Hacks 4 | . . . . . 4 . . . . . . Load Schematic 2 | . . . . . 2 . . . . . . Build 2 | . . . . . 2 . . . . . . Repair Station Hacks 13 | . . . . . 6 7 . . . . . Scan Component 7 | . . . . . 3 4 . . . . . Repair 6 | . . . . . 3 3 . . . . . Recycling Unit Hacks . | . . . . . . . . . . . . Scanalyzer 11 | . . . . . 11 . . . . . . Insert Component 6 | . . . . . 6 . . . . . . Analyze 5 | . . . . . 5 . . . . . . Garrison Access Hacks 5 | . . . . . 3 . . . 1 1 . Seal Access 5 | . . . . . 3 . . . 1 1 . Unauthorized Hacks . | . . . . . . . . . . . . Terminals . | . . . . . . . . . . . . Fabricators . | . . . . . . . . . . . . Repair Stations . | . . . . . . . . . . . . Recycling Units . | . . . . . . . . . . . . Scanalyzers . | . . . . . . . . . . . . Garrison Access . | . . . . . . . . . . . . Data Cores Recovered . | . . . . . . . . . . . . Used . | . . . . . . . . . . . . Hacking Detections 10 | . . . . 1 7 1 . . 1 . . Full Trace Events 5 | . . . . . 4 1 . . . . . Feedback Events 1 | . . . . . . 1 . . . . . Hackware Fried 1 | . . . . . . 1 . . . . . Feedback Blocked . | . . . . . . . . . . . . Robot Schematics Acquired . | . . . . . . . . . . . . Robots Built . | . . . . . . . . . . . . Authchips . | . . . . . . . . . . . . Time . | . . . . . . . . . . . . Total Robot Build Rating . | . . . . . . . . . . . . Part Schematics Acquired 5 | . . . . . 5 . . . . . . Parts Built 2 | . . . . . 2 . . . . . . Authchips . | . . . . . . . . . . . . Time 168 | . . . . . 168 . . . . . . Total Part Build Rating 8 | . . . . . 8 . . . . . . Parts Repaired 6 | . . . . . 3 3 . . . . . Time 247 | . . . . . 132 115 . . . . . Parts Recycled . | . . . . . . . . . . . . Recycled Matter . | . . . . . . . . . . . . Retrieved Matter . | . . . . . . . . . . . . Retrieved Components . | . . . . . . . . . . . . Parts Scanalyzed 5 | . . . . . 5 . . . . . . Part Schematics Acquired 5 | . . . . . 5 . . . . . . Parts Damaged 1 | . . . . . 1 . . . . . . Bothacking | -11 -10 -10 -10 -7 -5 -4 -4 -4 -3 -2 -2 ------------ Run | Yrd Mat Min Sub Rec Fac Fac Upp Upp Res Res Tes Used RIF Installer . | . . . . . . . . . . . . Robots Hacked . | . . . . . . . . . . . . Non-combat . | . . . . . . . . . . . . Combat . | . . . . . . . . . . . . Robot Hacks Applied . | . . . . . . . . . . . . Relay Couplers Released . | . . . . . . . . . . . . Fabnet Peak Effective % . | . . . . . . . . . . . . Robots Rewired . | . . . . . . . . . . . . Allies Hacked . | . . . . . . . . . . . . Hacks Repelled . | . . . . . . . . . . . . Allies | -11 -10 -10 -10 -7 -5 -4 -4 -4 -3 -2 -2 -------- Run | Yrd Mat Min Sub Rec Fac Fac Upp Upp Res Res Tes Total Allies 8 | . . 5 . . 3 . . . . . . Largest Group 3 | . . 3 3 1 1 . . . . . . Highest-Rated Group 59 | . . 59 59 31 31 . . . . . . Highest-Rated Ally 31 | . . 31 31 31 31 . . . . . . Total Orders 2 | . . . . . . . . 2 . . . EXPLORE 2 | . . . . . . . . 2 . . . Ally Attacks 27 | . . 8 7 4 8 . . . . . . Total Damage 331 | . . 51 106 41 133 . . . . . . Kills 5 | . . 3 2 . . . . . . . . Allies Corrupted . | . . . . . . . . . . . . Allies Melted . | . . . . . . . . . . . . Intel | -11 -10 -10 -10 -7 -5 -4 -4 -4 -3 -2 -2 ------- Run | Yrd Mat Min Sub Rec Fac Fac Upp Upp Res Res Tes Robot Analysis Total . | . . . . . . . . . . . . Derelict Logs Recovered 1 | . . 1 . . . . . . . . . Drone Launches 4 | . . . . . . . . 4 . . . Drone Recoveries 3 | . . . . . . . . 3 . . . Exploration | -11 -10 -10 -10 -7 -5 -4 -4 -4 -3 -2 -2 ------------- Run | Yrd Mat Min Sub Rec Fac Fac Upp Upp Res Res Tes Turns Passed 7944 | 97 571 675 75 227 2785 827 402 405 1675 121 84 Spaces Moved 5127 | 53 453 359 49 169 1512 441 292 302 1042 329 126 Core 186 | 1 . . . . . . . . 48 34 103 Treads 2 | . . . . . . . . . 2 . . Legs . | . . . . . . . . . . . . Wheels 4500 | 52 453 359 49 169 1512 441 292 302 871 . . Hover 4 | . . . . . . . . . 4 . . Flight 435 | . . . . . . . . . 117 295 23 Fastest Speed 35 | 50 80 120 120 120 92 115 115 115 35 35 40 Average Speed 106 | 79 93 120 120 120 111 115 115 115 118 36 48 Slowest Speed 385 | 80 120 120 120 120 115 115 115 115 385 50 50 Overloaded Moves . | . . . . . . . . . . . . Propulsion Burnouts . | . . . . . . . . . . . . Robots Hopped 7 | . . . . . . . . . 2 4 1 Cave-ins Triggered . | . . . . . . . . . . . . Exploration Rate (%) 35 | 5 79 87 7 52 28 16 59 34 25 9 24 Regions Visited 11 Branch Regions 6 Pre-discovered Areas . | . . . . . . . . . . . . Known Exits Taken 9 | . 1 1 1 1 1 1 1 1 1 . . Unknown Exits Taken 2 | 1 . . . . . . . . . 1 . Scrap Searched 6 | . . 1 1 . . . 3 1 . . . Spaces Dug 11 | . . 11 . . . . . . . . . Terrain Destroyed 699 | . 59 27 27 . 95 173 94 20 204 . . Melee . | . . . . . . . . . . . . Projectile 49 | . . . . . 16 20 . 1 12 . . AOE 650 | . 59 27 27 . 79 153 94 19 192 . . Terrain Rammed . | . . . . . . . . . . . . Walls Destroyed . | . . . . . . . . . . . . Machines Disabled . | . . . . . . . . . . . . Actions | -11 -10 -10 -10 -7 -5 -4 -4 -4 -3 -2 -2 --------- Run | Yrd Mat Min Sub Rec Fac Fac Upp Upp Res Res Tes Total 7043 | 83 527 600 58 188 2481 670 323 341 1300 325 147 Wait 1163 | . 6 231 . 15 726 124 4 17 40 . . Move 5102 | 52 452 358 48 168 1511 440 291 301 1037 320 124 Hop 7 | . . . . . . . . . 2 4 1 Pick Up 120 | 3 13 7 1 2 52 10 2 3 26 1 . Fast Attach 71 | 7 3 . . . 22 15 . . 23 . 1 Attach 54 | . 2 . 2 . 13 3 2 5 27 . . Detach 4 | . . . . . 1 . . . 3 . . Swap 44 | 2 4 2 1 1 18 5 3 . 8 . . Drop 111 | . 9 . . . 60 17 . 2 23 . . Fire 346 | 19 38 2 6 2 78 56 21 13 111 . . Melee . | . . . . . . . . . . . . Ram 21 | . . . . . . . . . . . 21 Kick . | . . . . . . . . . . . . Crush . | . . . . . . . . . . . . Escape Stasis . | . . . . . . . . . . . . Rewire . | . . . . . . . . . . . . Trap . | . . . . . . . . . . . . Miscellaneous . | . . . . . . . . . . . . Route ------- -11/Scrapyard -10/Materials (discovered 3 exits: *Mat x2 / *Min) -10/Mines (discovered 3 exits: *Mat x2 / *Sub) -10/Subcaves -7/Recycling -5/Factory -4/Factory -4/Upper Caves -4/Upper Caves -3/Research (discovered 3 exits: *Res x3) -2/Research -2/Testing History --------- Turn | Location | Event 9 | -11/Scrapyard | Discovered new exit (range 15) 98 | -11/Scrapyard | Entered Materials 305 | -10/Materials | Build established: Mutant 352 | -10/Materials | Discovered new exit (range 16) 372 | -10/Materials | Identified exit to Materials 541 | -10/Materials | Discovered exit to Materials (range 8) 647 | -10/Materials | Discovered new exit (range 16) 668 | -10/Materials | Identified exit to Mines 669 | -10/Materials | Entered Mines 679 | -10/Mines | Assisted by bots powering up and referring to "LRC-V3" 849 | -10/Mines | Discovered exit to Materials (range 14) 873 | -10/Mines | Discovered exit to Materials (range 10) 957 | -10/Mines | Received a Rocket Launcher from a helpful Derelict 1028 | -10/Mines | Identified exit to Subcaves 1344 | -10/Mines | Entered Subcaves 1344 | -10/Subcaves | Accompanied by 3 allies 1354 | -10/Subcaves | Led the pair of lost Derelicts to an unsafe place 1398 | -10/Subcaves | Discovered new exit (range 16) 1415 | -10/Subcaves | Identified exit to Recycling 1419 | -10/Subcaves | Entered Recycling 1419 | -7/Recycling | Accompanied by 1 ally 1424 | -7/Recycling | Found Scrap Engine 1601 | -7/Recycling | Discovered new exit (range 15) 1644 | -7/Recycling | Identified exit to Factory 1646 | -7/Recycling | Entered Factory 1646 | -5/Factory | Evolved 10 slots: Power x1, Propulsion x4, Utility x5 1960 | -5/Factory | Build established: Scavenger-Mutant 2976 | -5/Factory | Fabricated Arm. Huge Wheel (x2) 3506 | -5/Factory | Allied Derelicts emerged from ambush trap array 3983 | -5/Factory | Discovered new exit (range 10) 4168 | -5/Factory | Identified exit to Factory 4241 | -5/Factory | Repaired Arm. Huge Wheel 4287 | -5/Factory | Repaired Arm. Huge Wheel 4332 | -5/Factory | Repaired Imp. Medium Armor Plating 4431 | -5/Factory | Entered another Factory area 4431 | -4/Factory | Evolved 2 slots: Utility x1, Weapon x1 4819 | -4/Factory | Destroyed 7 combat bots 4966 | -4/Factory | Discovered new exit (range 15) 5101 | -4/Factory | Identified exit to Upper Caves 5142 | -4/Factory | Repaired Arm. Huge Wheel 5193 | -4/Factory | Repaired Cld. Phase Cannon 5215 | -4/Factory | First assault squad dispatched 5238 | -4/Factory | Repaired Tiamat Missile Launcher 5240 | -4/Factory | Hacking Suite fried by hacking feedback 5258 | -4/Factory | Entered Upper Caves 5542 | -4/Upper Caves | Spotted B-86 Titan 5569 | -4/Upper Caves | Destroyed B-86 Titan 5592 | -4/Upper Caves | Build established: Scavenger-Skirmisher 5644 | -4/Upper Caves | Discovered new exit (range 10) 5654 | -4/Upper Caves | Identified exit to Upper Caves 5660 | -4/Upper Caves | Entered another Upper Caves area 5737 | -4/Upper Caves | Destroyed 11 combat bots 5740 | -4/Upper Caves | Lost 3 parts (1p1u1w) 5949 | -4/Upper Caves | Discovered new exit (range 22) 6003 | -4/Upper Caves | Build established: Hacker-Tank 6029 | -4/Upper Caves | Spotted B-86 Titan 6046 | -4/Upper Caves | Attracted the attention of an 0b10 checkpoint 6063 | -4/Upper Caves | Identified exit to Research 6065 | -4/Upper Caves | Entered Research 6065 | -3/Research | Evolved 2 slots: Utility x2 6094 | -3/Research | Lost 3 parts (1n1u1w) 6262 | -3/Research | Lost 5 parts (1p3u1w) 6303 | -3/Research | Found Prototype Hackware 6303 | -3/Research | Identified Exp. Hacking Suite 6623 | -3/Research | Identified exit to Research 6822 | -3/Research | Found Fusion Bomb Launcher 6900 | -3/Research | Lost 3 parts (1n1u1w) 7237 | -3/Research | Found Fusion Bomb Launcher 7241 | -3/Research | Found Fusion Bomb Launcher 7256 | -3/Research | Spotted B-86 Titan 7314 | -3/Research | Build established: Hacker-Skirmisher 7392 | -3/Research | Garrison activated, responded to threat 7414 | -3/Research | Lost 12 parts (1p4n3u4w) 7492 | -3/Research | Lost 6 parts (1p1n2u2w) 7644 | -3/Research | Core integrity fell below 50% 7672 | -3/Research | Lost 10 parts (2p2n2u4w) 7719 | -3/Research | Core integrity fell below 20% 7740 | -3/Research | Entered another Research area 7740 | -2/Research | Evolved 2 slots: Propulsion x1, Weapon x1 7779 | -2/Research | Spotted B-90 Cyclops 7854 | -2/Research | Discovered new exit (range 15) 7861 | -2/Research | Entered Testing 7910 | -2/Testing | Core integrity fell below 50% 7927 | -2/Testing | Build established: Mutant 7929 | -2/Testing | Core integrity fell below 20% 7945 | -2/Testing | Destroyed by S-43 Plague with Heavy Machine Gun Last Messages --------------- 07898_ O-24 Administrator: "IFF HANDSHAKE FAILED. SECURING TERMINAL." 07907_ Slammed into S-43 Plague. 07916_ Slammed into G-73 Enforcer. 07916_ Exp. Hacking Suite destroyed. 07916_ System corrupted by crushing effect (+3). 07921_ Slammed into G-73 Enforcer. 07924_ ALERT: Hostiles spotted, dispatching reinforcements to Terminal T002. 07925_ Slammed into G-73 Enforcer. 07928_ Critical hit (Burn: +37). 07929_ /WPZBN:F2LGY0V,,F#JELNWP 07929_ Slammed into G-73 Enforcer. 07934_ Destabilizing: System corrupted (+2). 07935_ Slammed into G-73 Enforcer. 07935_ Destabilizing: Core damaged (-43). 07936_ Slammed into G-73 Enforcer. 07944_ Slug penetrates Wall. 07944_ Penetrated by Slug. 07944_ U-05 Engineer lays Concrete. Map ----- +----------------------------------------------------+ | ?# ## # [ #???????????????????? | | ?# ## # #???????????????????? | | ######+###### #####+#####???????????????????? | | / #???# #???????????????????????? | | # #???# #???????????????????????? | | ######+##### #???????????????????????? | | #???????????????????????? | | ######################## #???????????????????????? | | ???????????????????????# #???????????????????????? | | ???????????????????????# #???????????????????????? | | ???????????????????????# #???????????????????????? | | ????????????????????#### #???????????????????????? | | ????????????????????# #???????????????????????? | | ????????????????????# ####???????????????????????? | | ????????????????????# #??????????????????????????? | | ????????????????????# ##########?????????????????? | | ###????? ???????????# ## #?????????????????? | | #???? ???????????# ## """ #?????????????????? | | #???? #??????????# ss """" #?????????????????? | | #???? #??????????# ## """" #?????????????????? | | #???? #??????????# ##ks""" #?????????????????? | | #???? #??????????# ## w k +?????????????????? | | #???? #??????????# ## """ #?????????????????? | | ######/#####+####+# ## """" #?????????????????? | | + """" #?????????????????? | | = # @""" #?????????????????? | | !! + !#?????????????????? | | !! #########?????????????????? | | ##### ! ##?? ??????????????????????????? | | ???# #?? ??????????????????????????? | | ???# #?? ??????????????????????????? | | ???# #?? ??????????????????????????? | | ???# ! #?? ??????????????????????????? | | #??# #???????????????????????????????? | | = ##???????????????????????????????? | | ""#????????????????????????????????? | | """ # ""#????????????????????????????????? | | """ # """ G#????????????????????????????????? | | """ # """ ""#????????????????????????????????? | | """ + """ ""#????????????????????????????????? | | """ # #????????????????????????????????? | | """ # #????????????????????????????????? | | """?# ##"T"###????????????????????????????????? | | ??# #?"""#??????????????????????????????????? | | ???# #?####??????????????????????????????????? | | ???# #####???????????????????????????????????? | | ????# # " "???????????????????????????????????? | | ##### # " "???????????????????????????????????? | | # + " ""##????????????????????????????????? | | # # " "#????????????????????????????????? | +----------------------------------------------------+ Best States ------------- Heat Dissipation 81 Coolant Potential 100 Energy Generation 41 Energy Capacity 660 Matter Stores 300 Matter Capacity 550 Sight Range 20 Robot Scan Range 16 Terrain Scan Density 10 Additional Mass Support 9 Base Temperature (-) 200 EM Shielding 3 Armor Coverage 225 Resistance: KI 25 Resistance: TH 25 Phase Shifting 5 Evasion (%) 75 Recoil Reduction 1 Offensive Hacking 40 Defensive Hacking 10 Item Schematics ----------------- Arm. Huge Wheel | -5/Factory | Scanalyzed Tiamat Missile Launcher | -5/Factory | Scanalyzed Hrd. Medium Armor Plating | -5/Factory | Scanalyzed Gauss Cannon | -5/Factory | Scanalyzed Imp. Heat Sink | -5/Factory | Scanalyzed Robot Schematics ------------------ None Fabricated ------------ Arm. Huge Wheel | x2 | -5/Factory Alien Tech Used ----------------- None Achievements -------------- Dangerous Findings Dodgeball, But With Guns Respectable Loadout root@ Challenges ------------ None Game ------ Seed FlyingArmorDesublimator Manual? 0 Play Time 01:26:00 Cumulative 14.6 hours Start 2024.04.08 @ 20:58:19 End 2024.04.08 @ 22:26:48 Sessions 1 Manual Loads 0 Difficulty Rogue Special Mode None Game No. 18 Rogue 17 Adventurer 1 Explorer 0 Win Type - Total 0 Types 0/0/0/0/0/0/0/0/0 Lore% 8 Gallery% 28 Achievement% 23 Wizard Run 0 Options --------- Layout 1 ASCII 0 Keyboard 0 Movement Mouse Keybinds 0 Fullscreen 2 Font 32/SmallcapsGlow Map View 50x35 Zoom Use 0% Tactical HUD 1 Map Filters NONE Filters NONE Steam 1 RUN: ec4b3498-b3e2-4850-a34e-c8b2fef132c2